 Dungeon Crawl Stone Soup version 0.13.1-36-g052d4d5 (console) character file.

3450 dontsmitemebro the Basher (level 9, 0/68 HPs)
             Began as a Centaur Healer on Mar 30, 2014.
             Was a Believer of Elyvilon.
             Slain by a troll (9 damage)
             ... on Level 9 of the Dungeon.
             The game lasted 00:38:33 (4883 turns).

dontsmitemebro the Basher (Centaur Healer)          Turns: 4883, Time: 00:38:34

HP   0/68        AC 12     Str 16      XL: 9   Next: 61%
MP  13/14        EV  4     Int 14      God: Elyvilon [**....]
Gold 316         SH  0     Dex  8      Spells:  0 memorised,  8 levels left

Res.Fire  : . . .   See Invis. : .   y - +4,+3 great mace
Res.Cold  : . . .   Warding    : .   l - +2 dwarf plate armour
Life Prot.: . . .   Conserve   : .   (no shield)
Res.Poison: +       Res.Corr.  : .   (no helmet)
Res.Elec. : .       Clarity    : .   F - +0 cloak
Sust.Abil.: . .     Spirit.Shd : .   A - +0 pair of gloves
Res.Mut.  : .       Stasis     : .   (no barding)
Res.Rott. : .       Flight     : .   (no amulet)
Saprovore : . . .                    u - +3 ring of evasion
                                     L - ring of poison resistance

@: very quick, slightly resistant to hostile enchantments, extremely unstealthy
A: hooves 3, deformed body, herbivore 1, speed 2, fast metabolism 1, tough skin
3
a: Lesser Healing, Lesser Self-Healing, Divine Protection, Purification,
Renounce Religion


You were on level 9 of the Dungeon.
You worshipped Elyvilon.
Elyvilon was pleased with you.
You were very hungry.

You visited 1 branch of the dungeon, and saw 9 of its levels.

You collected 216 gold pieces.

Inventory:

Hand weapons
 f - a +0,+1 orcish battleaxe
 o - a +2,+1 broad axe
 y - a +4,+3 great mace (weapon)
 C - a +2,+2 bow
Missiles
 j - 137 arrows
 H - 4 arrows of flame
Armour
 l - a +2 dwarven plate armour (worn)
 r - a +2 robe of magic resistance
 A - a +0 pair of gloves (worn)
 F - a +0 cloak (worn)
Comestibles
 d - 4 bread rations
 n - 2 chokos
 v - a pear
 B - a honeycomb
 J - a meat ration
Scrolls
 a - 2 scrolls of fear
 i - a scroll of enchant armour
 k - a scroll of teleportation
 m - 6 scrolls of remove curse
 E - a scroll of vulnerability
Jewellery
 g - an uncursed ring of see invisible
 u - a +3 ring of evasion (right hand)
 I - an uncursed ring of positive energy
 L - a ring of poison resistance (left hand)
Potions
 b - 8 potions of curing
 c - 2 potions of heal wounds
 e - a potion of degeneration {unknown}
 h - a potion of magic
 p - a potion of might
 q - a potion of flight
 t - 2 potions of beneficial mutation {unknown}
 x - a potion of invisibility
 D - a potion of brilliance
Books
 G - a book of Control

   Spells                             Type                      Level
   Control Teleport                   Charms/Translocation         4
   Control Undead                     Necromancy                   4
   Enslavement                        Hexes                        4
   Mass Confusion                     Hexes                        6
   Metabolic Englaciation             Hexes/Ice                    6


   Skills:
 - Level 2.0 Fighting
 + Level 12.0 Maces & Flails
 - Level 1.3 Dodging
 - Level 4.1 Invocations


You had 8 spell levels left.
You didn't know any spells.

Dungeon Overview and Level Annotations

Branches:
Dungeon (9/27)             Temple (0/1) D:6
    Orc: D:6-11        Lair: D:8-13

Altars:

Annotations:
D:6 exclusion: statue


Innate Abilities, Weirdness & Mutations

You have hooves in place of feet.
Armour fits poorly on your strangely shaped body.
You digest meat inefficiently.
You cover ground very quickly.
You have a fast metabolism.
You have extremely tough skin (AC +3).


Message History

You closely miss the troll.
The troll is moderately wounded.
The troll bites you.
* * * LOW HITPOINT WARNING * * *
The troll claws you but does no damage. The troll claws you!
* * * LOW HITPOINT WARNING * * *
The troll bites you.
* * * LOW HITPOINT WARNING * * *
The troll claws you but does no damage. The troll claws you.
* * * LOW HITPOINT WARNING * * *
Drink which item? (? for menu, Esc to quit)
You feel much better.
You closely miss the troll.
The troll is lightly wounded.
The troll bites you!
* * * LOW HITPOINT WARNING * * *
The troll claws you.
* * * LOW HITPOINT WARNING * * *
The troll claws you!
You die...

.........[...
#....#
<...(.# . ...
......#
......# .#
kk....# #.#.
......# #...
######
k.....#
##....#....#
k.....
......#....#
.....
......$p.@..#
#k
##....#T####
... #.# # #.#
... ... ....#
..... .....#


You could see a troll and a hungry ghost.

Vanquished Creatures
  The ghost of teukkam the Grappler, an experienced TrMo (D:9)
  4 ogres
  3 orc warriors
  4 phantoms
  A sky beast (D:8)
  A centaur (D:5)
  A water moccasin (D:8)
  3 giant frogs
  A troll zombie (D:7)
  A troll skeleton (D:7)
  A quasit (D:6)
  3 crimson imps
  3 hounds
  4 orc priests
  2 iguanas
  5 worker ants
  8 orc wizards
  A scorpion (D:5)
  An ogre zombie (D:9)
  Jessica (D:2)
  A giant mite (D:5)
  An inept item mimic (D:3)
  3 worms
  An adder skeleton (D:3)
  A giant eyeball (D:6)
  A giant gecko (D:3)
  28 orcs
  2 giant cockroaches (D:3)
  5 goblins
  6 hobgoblins
  7 kobolds
  A bat (D:4)
  A hobgoblin zombie (D:9)
  2 orc skeletons (D:9)
  4 orc zombies (D:9)
  2 rats
  A rat zombie (D:7)
  A ballistomycete (D:8)
117 creatures vanquished.

Vanquished Creatures (others)
  An adder (D:7)
  A bat (D:9)
  2 hobgoblins
  A jackal (D:6)
  A ball python (D:5)
  A giant newt (D:2)
  A giant spore (D:8)
  2 rats
10 creatures vanquished.

Grand Total: 127 creatures vanquished

Notes
Turn   | Place    | Note
--------------------------------------------------------------
     0 | D:1      | dontsmitemebro, the Centaur Healer, began the quest for the Orb.
     0 | D:1      | Reached XP level 1. HP: 17/17 MP: 2/2
   236 | D:2      | Reached skill level 1 in Maces & Flails
   240 | D:2      | Reached XP level 2. HP: 14/24 MP: 0/4
   503 | D:2      | Noticed Jessica
   510 | D:2      | Killed Jessica
   510 | D:2      | Reached XP level 3. HP: 9/29 MP: 6/6
   885 | D:4      | Reached XP level 4. HP: 14/37 MP: 5/6
  1061 | D:5      | Entered Level 5 of the Dungeon
  1099 | D:4      | Noticed a phantom
  1171 | D:4      | Killed a phantom
  1171 | D:4      | Reached XP level 5. HP: 17/42 MP: 4/8
  1273 | D:3      | HP: 2/42 [orc/orcish mace (8)]
  1280 | D:3      | Reached skill level 5 in Maces & Flails
  1521 | D:4      | Noticed an ogre
  1530 | D:4      | Killed an ogre
  1530 | D:4      | Reached XP level 6. HP: 26/49 MP: 8/10
  1746 | D:5      | Noticed a centaur
  1763 | D:5      | Killed a centaur
  1763 | D:5      | Reached skill level 6 in Maces & Flails
  1957 | D:5      | Reached XP level 7. HP: 48/55 MP: 10/10
  2187 | D:6      | Found a staircase to the Ecumenical Temple.
  2220 | D:6      | Paralysed by a giant eyeball for 3 turns
  2225 | D:6      | Paralysed by a giant eyeball for 4 turns
  2312 | D:6      | Reached skill level 7 in Maces & Flails
  2665 | D:7      | Reached skill level 8 in Maces & Flails
  2693 | D:7      | Reached XP level 8. HP: 18/62 MP: 10/12
  3041 | D:7      | Reached skill level 9 in Maces & Flails
  3269 | D:7      | murky brown potion destroyed
  3620 | D:7      | Reached skill level 10 in Maces & Flails
  3971 | D:8      | Reached XP level 9. HP: 46/68 MP: 14/14
  4154 | D:6      | Got a slimy scale mail
  4180 | D:6      | Identified the cursed -1 scale mail of Xallonuq {Str+2 Dex-5} (You found it on level 6 of the Dungeon)
  4288 | D:6      | Noticed a wizard statue
  4318 | D:6      | Reached skill level 11 in Maces & Flails
  4575 | D:9      | Noticed teukkam's ghost (experienced TrMo)
  4609 | D:9      | HP: 3/68 [teukkam's ghost (14)]
  4644 | D:9      | Killed teukkam's ghost
  4644 | D:9      | Reached skill level 12 in Maces & Flails
  4880 | D:9      | HP: 1/68 [troll (5)]
  4883 | D:9      | Slain by a troll

Action                   |  1- 3 |  4- 6 |  7- 9 || total
-------------------------+-------+-------+-------++-------
Melee: Club              |    14 |       |       ||    14
       Unarmed           |     1 |       |       ||     1
       Whip              |    38 |    93 |       ||   131
       Mace              |       |    31 |       ||    31
       Great mace        |       |    15 |   281 ||   296
 Fire: Bow               |       |       |    44 ||    44
Invok: Lesser Healing    |    25 |     8 |    19 ||    52
       Lesser Self-Heali |     2 |    17 |    22 ||    41
  Use: Potion            |     1 |       |     1 ||     2
       Scroll            |       |     5 |    21 ||    26
